 Dungeon Crawl Stone Soup version 0.29.0-13-gc9e81de378 (webtiles) character file.

Game seed: 732826978313218816

41751 sanka the Severer (level 13, -2/119 HPs)
             Began as a Minotaur Berserker on Sept 6, 2022.
             Was a High Priest of Trog.
             Killed from afar by a frost giant (30 damage)
             ... with a bolt of cold
             ... in an ice cave on Sept 7, 2022.
             The game lasted 00:29:20 (11837 turns).

sanka the Severer (Minotaur Berserker)             Turns: 11837, Time: 00:29:21

Health: -2/119     AC: 26    Str: 22    XL:     13   Next: 81%
Magic:  12/12      EV: 15    Int:  8    God:    Trog [*****.]
Gold:   947        SH:  0    Dex: 16    Spells: 12/12 levels left

rFire   . . .      SeeInvis .   a - +0 battleaxe (flame)
rCold   . . .      Faith    .   (shield currently unavailable)
rNeg    + + .      Spirit   .   E - +0 pearl dragon scales
rPois   .          Reflect  .   b - +2 hat "Agekhly" {Int+4 Dex+3 Slay+3}
rElec   .          Harm     .   e - +2 cloak {Will+}
rCorr   +          Rampage  .   y - +0 pair of gloves
Will    +....                   (no boots)
Stlth   ..........              f - amulet of regeneration
HPRegen 1.09/turn               A - ring "Ereuh" {rN+ rCorr Str-2 Slay+2}
MPRegen 0.13/turn               N - +4 ring of protection

@: on berserk cooldown, slowed, very slow
A: horns 2, retaliatory headbutt
a: Renounce Religion, Berserk, Trog's Hand, Brothers in Arms


You were in an ice cave.
You worshipped Trog.
Trog was extremely pleased with you.
You visited 1 branch of the dungeon, and saw 14 of its levels.
You also visited: Gauntlet and Ice Cave.

You collected 947 gold pieces.


Innate Abilities, Weirdness & Mutations

You have a pair of horns on your head.
You reflexively headbutt those who attack you in melee.


   Skills:
 + Level 12.6 Fighting
 - Level 20.0 Axes
 + Level 12.3 Armour
 + Level 11.3 Dodging


You had 12 spell levels left.
You didn't know any spells.
Your spell library contained the following spells:

 Spells                   Type           Power      Damage    Failure   Level
 Beastly Appendage        Tmut           0%         N/A       71%         1
 Wereblood                Tmut           0%         N/A       85%         2
 Spider Form              Tmut/Pois      0%         N/A       97%         3

Inventory:

Hand Weapons
 a - a +0 battleaxe of flaming (weapon)
 m - a +1 spear of distortion
Missiles
 l - 13 javelins (quivered)
 P - a throwing net {=f}
Armour
 b - the +2 hat "Agekhly" (worn) {Int+4 Dex+3 Slay+3}

   Int:       It affects your intelligence (+4).
   Dex:       It affects your dexterity (+3).
   Slay:      It affects your accuracy & damage with ranged weapons and melee
   (+3).
 d - the +2 hat of Anaesthesia {rF+++} rF: It renders you almost immune to fire.
 e - a +2 cloak of willpower (worn)
 y - a +0 pair of gloves (worn)
 E - +0 pearl dragon scales (worn)
Jewellery
 f - an amulet of regeneration (around neck)
 p - a ring of poison resistance
 A - the ring "Ereuh" (left hand) {rN+ rCorr Str-2 Slay+2}

   [ring of positive energy]

   Str:       It affects your strength (-2).
   Slay:      It affects your accuracy & damage with ranged weapons and melee
   (+2).
   rN:        It protects you from negative energy.
   rCorr:     It protects you from acid and corrosion.
 N - a +4 ring of protection (right hand)
 R - a ring of see invisible
Wands
 v - a wand of digging (5)
 C - a wand of roots (31)
 H - a wand of light (13)
 K - a wand of polymorph (12)
 O - a wand of mindburst (7)
Scrolls
 c - 7 scrolls of teleportation {@r4}
 h - 6 scrolls of enchant armour
 q - 3 scrolls of noise {!r}
 r - 3 scrolls of torment {!r}
 s - 2 scrolls of summoning
 u - 2 scrolls of immolation {!r}
 w - 6 scrolls of fear
 x - 4 scrolls of enchant weapon
 z - 2 scrolls of butterflies
Potions
 g - a potion of might {unknown}
 i - 5 potions of haste {@q3}
 j - a potion of mutation {unknown}
 k - a potion of berserk rage {unknown}
 n - 9 potions of curing {unknown}
 o - 3 potions of brilliance {unknown}
 t - a potion of invisibility {unknown}
 B - 3 potions of flight {unknown}
 J - 2 potions of heal wounds {@q2}
 M - 2 potions of degeneration {unknown}
 Q - 2 potions of lignification {unknown}
 U - a potion of cancellation {unknown}
Miscellaneous
 I - a box of beasts

Dungeon Overview and Level Annotations

Branches:
Dungeon (14/15)            Temple (0/1) D:6            Lair (0/5) D:11
    Orc (0/2) D:11          IceCv (1/1)             Gauntlet (visited)
 Vaults: D:13-14

Altars:
Dithmenos
Elyvilon
Qazlal
Ru
Sif Muna
Trog
Uskayaw
Vehumet
Wu Jian
Yredelemnul
Zin
The Shining One

Shops:
D:8 (   D:10 *   D:12 *

Annotations:
D:11 exclusion: 2 downstairs

▒▒h▒ ▒▒▒
▒.u.▒▒▒▒ ▒▒.▒▒
:£▒.C.u▒.▒
▒▒.▒.▒
▒..hpC.▒.▒▒
▒▒.▒.▒▒
▒p.▒.▒▒ ▒.▒▒▒▒
▒▒.▒▒h▒ ▒..▒▒
▒▒▒▒▒C▒▒
▒▒...▒
▒▒..▒.▒▒
▒▒..⌠.▒
▒..H...▒
▒.....▒▒
▒▒†▒▒...▒
▒▒..▒...▒
▒..▒▒..)▒
▒..▒▒▒..▒▒
▒.▒▒▒▒.▒▒▒▒.▒▒
▒▒..▒ ▒..▒▒▒▒▒
▒††▒ ▒▒.▒
▒▒▒...▒▒ ▒▒..▒
▒▒.▒ ▒..▒...▒
▒.[▒▒ ▒.▒▒
▒▒.▒...▒ ▒.▒▒
▒.▒▒ ▒▒▒▒..▒▒
▒..▒ ▒..▒


You could see a frost giant and a polar bear.


Message History

The ironbound frostheart is almost dead.
The ironbound frostheart calls freezing cold from the walls.
The frost grips you!!!
* * * LOW HITPOINT WARNING * * *
You are encased in ice.
Unknown command.
You hit the ironbound frostheart. You burn the ironbound frostheart.
The ironbound frostheart is almost dead.
The ironbound frostheart closely misses you.
You furiously retaliate!
You headbutt the ironbound frostheart!
You kill the ironbound frostheart!
Trog accepts your kill.
Trog appreciates your killing of a magic user.
The frost giant hits you with a +2 battleaxe of freezing!
* * * LOW HITPOINT WARNING * * *
The frost giant freezes you.
* * * LOW HITPOINT WARNING * * *
The frost giant points at you and mumbles some strange words.
The bolt of cold hits you!!
* * * LOW HITPOINT WARNING * * *
Unknown command.
Blink to where?
As you read the scroll of blinking, it crumbles to dust.
The frost giant gestures at you while chanting.
The bolt of cold misses you.
The frost giant points at you and mumbles some strange words.
The bolt of cold hits you!!
You die...

Action                   |  1- 3 |  4- 6 |  7- 9 | 10-12 | 13-15 || total
-------------------------+-------+-------+-------+-------+-------++-------
Melee: Hand axe          |    69 |   160 |   217 |   606 |       ||  1052
       Headbutt          |    12 |    33 |    55 |   156 |    35 ||   291
       Punch             |     1 |       |     2 |     6 |       ||     9
       Battleaxe         |       |       |       |    32 |   154 ||   186
       Dire flail        |       |       |       |    16 |       ||    16
Throw: Javelin           |       |       |       |     3 |       ||     3
Invok: Berserk           |     2 |     1 |     4 |    21 |     7 ||    35
       Trog's Hand       |       |     1 |       |       |       ||     1
Evoke: Wand              |       |       |       |     4 |       ||     4
  Use: Scroll            |       |       |       |    17 |     1 ||    18
       Potion            |       |       |       |       |     2 ||     2
Armor: Animal skin       |    19 |       |       |       |       ||    19
       Plate armour      |       |   128 |    91 |   241 |       ||   460
       Pearl dragon scal |       |       |       |   140 |    62 ||   202
Dodge: Dodged            |    59 |    31 |    48 |   253 |    79 ||   470

Levels and vault maps discovered:
D:1:      minmay_arrival_diagonal_passages, layout_rooms,
          minmay_misc_feat_alley, minmay_misc_feat_x
D:2:      layout_rooms, uniq_crazy_yiuf_cottage
D:3:      layout_loops_ring, gammafunk_temple_overflow_statue, uniq_natasha
D:4:      layout_cave_pods, lemuel_blue_sif_altar
D:5:      layout_loops_ring, nicolae_overflow_hallway_of_the_gods,
          nicolae_elevator_lobby_plus
D:6:      layout_basic, temple_fountains, grunt_ministairs_13
D:7:      layout_rooms
D:8:      layout_basic, serial_shops, shop
D:9:      layout_gridville, hellmonk_bongcloud_opening
D:10:     layout_long_grid, zin_purify, kennysheep_flooded_box,
          kennysheep_cross_bottleneck, grunt_decor_cap
D:11:     layout_rooms, david_lair_shrubbed, orc_0_dummy,
          gauntlet_entry_generic, minmay_misc_feat_four_crosses, tso_altar
D:12:     layout_basic, serial_shops, nicolae_shop_overgrown_old_shop
D:13:     layout_rooms
D:14:     layout_roguey, grunt_vaults_entry_tiered,
          portal_ice_cave_entry_pillars_1, infiniplex_staircase_pool_1,
          minmay_librarian, uniq_roxanne
IceCv:    ice_cave_caverns_01

Notes
Turn   | Place    | Note
-------+----------+-------------------------------------------
     0 | D:1      | sanka the Minotaur Berserker began the quest for the Orb.
     0 | D:1      | Reached XP level 1. HP: 19/19 MP: 0/0
    58 | D:1      | Reached skill level 4 in Axes
   118 | D:1      | Reached XP level 2. HP: 26/26 MP: 1/1
   701 | D:2      | Reached skill level 5 in Axes
   788 | D:2      | Reached XP level 3. HP: 31/31 MP: 2/2
   829 | D:2      | Reached ** piety under Trog
  1053 | D:2      | Found a runed translucent door.
  1054 | D:2      | Noticed Crazy Yiuf
  1062 | D:2      | Killed Crazy Yiuf
  1063 | D:2      | Reached skill level 6 in Axes
  1063 | D:2      | Reached XP level 4. HP: 39/39 MP: 3/3
  1682 | D:3      | Noticed Natasha
  1690 | D:3      | Killed Natasha
  1754 | D:3      | Found a radiant altar of Vehumet.
  1754 | D:3      | Found a stormy altar of Qazlal.
  1904 | D:4      | Noticed a scorpion
  1910 | D:4      | Killed a scorpion
  1911 | D:4      | Reached skill level 7 in Axes
  1911 | D:4      | Reached XP level 5. HP: 45/45 MP: 4/4
  2085 | D:4      | Reached *** piety under Trog
  2116 | D:4      | Reached skill level 8 in Axes
  2120 | D:4      | Reached XP level 6. HP: 42/51 MP: 5/5
  2402 | D:4      | Found a shimmering blue altar of Sif Muna.
  2676 | D:5      | Entered Level 5 of the Dungeon
  2678 | D:5      | Found the +7 staff of the Meek {protect, meekguard}
  2688 | D:5      | Reached skill level 9 in Axes
  2927 | D:5      | Reached XP level 7. HP: 42/57 MP: 6/6
  3044 | D:5      | Reached skill level 10 in Axes
  3594 | D:5      | Found a glowing golden altar of the Shining One.
  3596 | D:5      | Found a hide-covered altar of Uskayaw.
  3608 | D:5      | Upgraded the game from 0.29.0-11-gd7f09526c8 to
                  | 0.29.0-13-gc9e81de378
  3626 | D:5      | Found a shadowy altar of Dithmenos.
  3627 | D:5      | Found a bloodstained altar of Trog.
  3629 | D:5      | Found an ornate altar of the Wu Jian Council.
  3630 | D:5      | Found a basalt altar of Yredelemnul.
  3636 | D:5      | Found a white marble altar of Elyvilon.
  3637 | D:5      | Found a sacrificial altar of Ru.
  3812 | D:6      | Found a staircase to the Ecumenical Temple.
  3838 | D:6      | Reached skill level 11 in Axes
  3919 | D:6      | Reached XP level 8. HP: 62/64 MP: 7/7
  4059 | D:6      | Reached skill level 12 in Axes
  4536 | D:7      | Reached skill level 13 in Axes
  4561 | D:7      | Reached skill level 14 in Axes
  4608 | D:7      | Reached XP level 9. HP: 70/70 MP: 8/8
  4778 | D:7      | Reached skill level 15 in Axes
  4785 | D:7      | Killed a large slime creature
  4786 | D:7      | Reached skill level 16 in Axes
  5048 | D:8      | Reached **** piety under Trog
  5265 | D:8      | Found Gaczaneck's Weapon Emporium.
  5478 | D:9      | Reached skill level 17 in Axes
  5478 | D:9      | Reached XP level 10. HP: 77/77 MP: 9/9
  5666 | D:9      | Reached skill level 18 in Axes
  5800 | D:9      | Reached skill level 4 in Fighting
  5800 | D:9      | Reached skill level 3 in Armour
  5938 | D:9      | Reached skill level 3 in Dodging
  6198 | D:9      | Reached ***** piety under Trog
  6199 | D:9      | Reached skill level 5 in Fighting
  6199 | D:9      | Reached skill level 4 in Armour
  6283 | D:10     | Entered Level 10 of the Dungeon
  6396 | D:10     | Reached skill level 4 in Dodging
  6413 | D:10     | Noticed a soul eater
  6475 | D:10     | Reached skill level 5 in Armour
  6482 | D:10     | Reached skill level 6 in Fighting
  6560 | D:10     | Reached skill level 5 in Dodging
  6560 | D:10     | Reached XP level 11. HP: 58/89 MP: 10/10
  6900 | D:10     | Found Zin's Purification Station.
  6903 | D:10     | Found a glowing silver altar of Zin.
  7215 | D:11     | Found a staircase to the Orcish Mines.
  7275 | D:11     | Reached skill level 6 in Armour
  7332 | D:11     | Identified a scroll of acquirement
  7332 | D:11     | Acquired the +2 hat of Anaesthesia {rF+++}
  7347 | D:11     | Found a gate leading to a gauntlet.
  7357 | Gauntlet | Entered a Gauntlet
  7357 | Gauntlet | Noticed a necromancer
  7357 | Gauntlet | Found a transporter.
  7369 | Gauntlet | Found a transporter.
  7370 | Gauntlet | Found a transporter.
  7381 | Gauntlet | Found a transporter.
  7381 | Gauntlet | Found a transporter.
  7382 | Gauntlet | Found a transporter.
  7384 | Gauntlet | Noticed a quicksilver ooze
  7391 | Gauntlet | Found a transporter.
  7394 | Gauntlet | Found a transporter.
  7395 | Gauntlet | Found a transporter.
  7402 | Gauntlet | Noticed a fire crab
  7403 | Gauntlet | Found a transporter.
  7406 | Gauntlet | Found a transporter.
  7407 | Gauntlet | Found a transporter.
  7411 | Gauntlet | Noticed a fire crab
  7423 | Gauntlet | Found a transporter.
  7475 | Gauntlet | Found a transporter.
  7508 | Gauntlet | Killed a necromancer
  7509 | Gauntlet | Reached skill level 7 in Fighting
  7599 | Gauntlet | Reached skill level 6 in Dodging
  7646 | Gauntlet | Killed a quicksilver ooze
  7647 | Gauntlet | Reached skill level 7 in Armour
  7653 | Gauntlet | Identified the ring "Ereuh" {rN+ rCorr Str-2 Slay+2}
  7717 | Gauntlet | Killed a fire crab
  7724 | Gauntlet | Reached skill level 8 in Fighting
  7784 | Gauntlet | Reached skill level 7 in Dodging
  7801 | Gauntlet | Killed a fire crab
  7802 | Gauntlet | Reached skill level 8 in Armour
  7890 | Gauntlet | Identified +0 pearl dragon scales
  7890 | Gauntlet | Noticed a minotaur
  7913 | Gauntlet | Killed a minotaur
  8100 | D:11     | Found a staircase to the Lair.
  8123 | D:11     | Reached skill level 9 in Fighting
  8279 | D:11     | Noticed a boulder beetle
  8299 | D:11     | Killed a boulder beetle
  8300 | D:11     | Reached skill level 8 in Dodging
  8343 | D:11     | Noticed a two-headed ogre
  8350 | D:11     | Killed a two-headed ogre
  8351 | D:11     | Reached XP level 12. HP: 105/105 MP: 11/11
  8420 | D:11     | Reached skill level 9 in Armour
  8653 | D:11     | Found a glowing golden altar of the Shining One.
  8940 | D:12     | Reached skill level 10 in Fighting
  8951 | D:12     | Noticed a two-headed ogre
  8959 | D:12     | Killed a two-headed ogre
  8962 | D:12     | Reached skill level 9 in Dodging
  9136 | D:12     | Noticed a boulder beetle
  9149 | D:12     | Killed a boulder beetle
  9150 | D:12     | Reached skill level 10 in Armour
  9192 | D:12     | Noticed a two-headed ogre
  9198 | D:12     | Killed a two-headed ogre
  9244 | D:12     | Found Niut's Assorted Antiques.
  9918 | D:13     | Noticed a fire dragon
  9962 | D:13     | Killed a fire dragon
  9963 | D:13     | Reached skill level 11 in Fighting
 10082 | D:13     | Noticed a four-headed hydra
 10092 | D:13     | Killed a four-headed hydra
 10093 | D:13     | Reached skill level 10 in Dodging
 10136 | D:13     | Noticed a centaur warrior
 10342 | D:13     | Reached skill level 11 in Armour
 10461 | D:13     | Killed a centaur warrior
 10699 | D:14     | Found a frozen archway.
 10709 | IceCv    | Entered an ice cave
 10829 | IceCv    | Reached XP level 13. HP: 99/116 MP: 12/12
 10873 | IceCv    | Identified the +4 rapier of the Coward {flame, rCorr}
 10927 | IceCv    | Reached skill level 19 in Axes
 11260 | IceCv    | Reached skill level 20 in Axes
 11277 | IceCv    | Identified the +2 hat "Agekhly" {Int+4 Dex+3 Slay+3}
 11413 | IceCv    | Noticed a white draconian
 11436 | IceCv    | Killed a white draconian
 11547 | IceCv    | Reached skill level 12 in Fighting
 11798 | IceCv    | Noticed a frost giant
 11798 | IceCv    | Noticed a frost giant
 11805 | IceCv    | Reached skill level 11 in Dodging
 11811 | IceCv    | Killed a frost giant
 11812 | IceCv    | Reached skill level 12 in Armour
 11835 | IceCv    | HP: 3/119 [frost giant/bolt of cold (26)]
 11837 | IceCv    | Killed from afar by a frost giant

Vanquished Creatures
  A frost giant (IceCv)
  A quicksilver ooze (Gauntlet)
  A white draconian (IceCv)
  A minotaur (Gauntlet)
  A fire dragon (D:13)
  2 boulder beetles
  A hydra (D:13)
  5 ironbound frosthearts (IceCv)
  A centaur warrior (D:13)
  3 two-headed ogres
  2 fire crabs (Gauntlet)
  An orange crystal statue (IceCv)
  A necromancer (Gauntlet)
  14 ugly things
  A cyclops (D:14)
  A manticore (D:13)
  A gargoyle (D:11)
  An unseen horror (D:12)
  13 rime drakes (IceCv)
  An efreet (D:13)
  2 kobold demonologists
  2 komodo dragons
  16 polar bears (IceCv)
  3 hornets
  3 trolls
  A wolf spider simulacrum (D:14)
  9 slime creatures
  3 water elementals (D:12)
  2 shadows
  A ynoxinul (Gauntlet)
  A culicivora (shapeshifter) (D:13)
  A wyvern (D:11)
  21 yaks
  8 fire bats (Gauntlet)
  A fire bat (shapeshifter) (D:12)
  2 steam dragons
  3 basilisks
  2 vampire mosquitoes (D:7)
  An acid dragon (D:11)
  3 hell hounds (Gauntlet)
  A water moccasin (D:6)
  3 orc warriors
  An ice beast (D:7)
  A sky beast (D:7)
  2 black bears
  3 wolves (Gauntlet)
  4 centaurs
  3 kobold brigands
  2 bullfrogs
  A gnoll sergeant (D:12)
  6 scorpions
  14 wights
  3 electric eels (D:12)
  12 killer bees (D:9)
  3 howler monkeys
  2 hounds
  A jelly (D:5)
  8 orc priests
  Crazy Yiuf (D:2)
  4 iron imps (Gauntlet)
  A gnoll bouda (D:10)
  6 iguanas (D:5)
  Natasha (D:3)
  7 orc wizards
  13 gnolls
  4 adders
  A white imp (D:6)
  An ufetubus (D:4)
  5 worms
  A dart slug (D:1)
  19 orcs
  7 bats
  5 endoplasms
  3 giant cockroaches (D:1)
  11 goblins
  7 hobgoblins
  6 jackals
  24 kobolds
  5 quokkas
  A ball python (D:4)
  2 frilled lizards
  6 rats
349 creatures vanquished.

Vanquished Creatures (others)
  8 plants
8 creatures vanquished.

Grand Total: 357 creatures vanquished
